[Event "AUT-ch U16-Open 2025"]
[Site "Fuerstenfeld"]
[Date "2025.04.15"]
[Round "5.1"]
[White "Squasi, Ernesto"]
[Black "Benedikt, Noah"]
[Result "1/2-1/2"]
[Annotator "NA RC"]
[ECO "C07"]
[WhiteElo "1904"]
[BlackElo "1976"]
[PlyCount "89"]
[EventDate "2025.04.12"]
[EventType "swiss"]
[EventCountry "AUT"]
[SourceTitle "playchess.com"]
[Source "ChessBase"]
[SourceQuality "1"]
[TimeControl "5400+30"]

1. e4 e6 2. d4 d5 3. Nd2 c5 4. exd5 Qxd5 5. dxc5 Bxc5 6. Ngf3 Nf6 7. Bc4 Qd7 8. O-O O-O 9. Qe2 a6 10. Ne4 Nxe4 11. Qxe4 Qc6 12. Qh4 Be7 13. Qxe7 Qxc4 14. b3 Qb5 15. c4 Qd7 16. Qh4 Nc6 17. Bb2 f6 18. Rad1 Qc7 19. Nd4 e5 20. Nxc6 Qxc6 21. Ba3 Re8 22. Rd6 Qc7 23. Qe4 Qa5 24. Qd5+ Qxd5 25. Rxd5 Be6 26. Rd6 Rad8 27. Rfd1 Rxd6 28. Rxd6 Kf7 29. Rb6 Bc8 30. Kf1 Rd8 31. Bd6 Rd7 32. Ke2 Ke6 33. c5 Kf5 34. Ke3 Rf7 35. b4 Rd7 36. a4 Rd8 37. b5 axb5 38. Rxb5 Rg8 39. Rb6 Ke6 40. a5 Kd5 41. Kd3 Rd8 42. f3 Bf5+ 43. Kc3 Rd7 44. Rb4 h5 45. Rb2 1/2-1/2

[Event "AUT-ch U16-Open 2025"]
[Site "Fuerstenfeld"]
[Date "2025.04.15"]
[Round "5.2"]
[White "Stickler, Florentin"]
[Black "Reichhuetter, Richard"]
[Result "1-0"]
[Annotator "RC"]
[ECO "B18"]
[WhiteElo "2189"]
[BlackElo "1916"]
[PlyCount "57"]
[EventDate "2025.04.12"]
[EventType "swiss"]
[EventCountry "AUT"]
[SourceTitle "playchess.com"]
[Source "ChessBase"]
[SourceQuality "1"]
[TimeControl "5400+30"]

1. e4 c6 2. d4 d5 3. Nc3 dxe4 4. Nxe4 Bf5 5. Nc5 e5 6. Nxb7 Qb6 7. Nc5 exd4 8. Na4 Qa5+ 9. c3 Nf6 10. Nf3 dxc3 11. Nxc3 Nbd7 12. Be2 Bc5 13. Nd4 Ne4 14. Nxf5 Bxf2+ 15. Kf1 Qxf5 16. Bg4 Nxc3 17. bxc3 Qf6 18. Qxd7+ Kf8 19. Qf5 Bh4 20. Qxf6 Bxf6 21. Ba3+ Kg8 22. Bf3 Bxc3 23. Rc1 Bd4 24. Rxc6 Re8 25. Bc5 Bxc5 26. Rxc5 g6 27. Kf2 Kg7 28. Re1 Rd8 29. Rc7 1-0

[Event "AUT-ch U16-Open 2025"]
[Site "Fuerstenfeld"]
[Date "2025.04.15"]
[Round "5.3"]
[White "Pausweg, Daniel"]
[Black "Prober, Raphael"]
[Result "1-0"]
[Annotator "RC"]
[ECO "A37"]
[WhiteElo "2080"]
[BlackElo "2131"]
[PlyCount "115"]
[EventDate "2025.04.12"]
[EventType "swiss"]
[EventCountry "AUT"]
[SourceTitle "playchess.com"]
[Source "ChessBase"]
[SourceQuality "1"]
[TimeControl "5400+30"]

1. Nf3 c5 2. c4 Nc6 3. Nc3 g6 4. g3 Bg7 5. Bg2 e5 6. d3 Nge7 7. Be3 d6 8. O-O O-O 9. a3 h6 10. Qc1 Kh7 11. Rb1 a5 12. Ne1 f5 13. Nc2 a4 14. Bd2 Nd4 15. Nxd4 cxd4 16. Nd5 Be6 17. Nxe7 Qxe7 18. f4 e4 19. Bb4 Rfc8 20. Qd2 Bf7 21. Rfc1 Ra6 22. Kh1 Qe8 23. c5 dxc5 24. Rxc5 Rac6 25. Rbc1 Bd5 26. Rxc6 Rxc6 27. h3 h5 28. h4 Qc8 29. Rxc6 Qxc6 30. dxe4 fxe4 31. Qd1 d3 32. exd3 exd3 33. Qd2 Bxg2+ 34. Qxg2 Qxg2+ 35. Kxg2 Bxb2 36. Kf3 Bc1 37. Kf2 Kg7 38. Ke1 Kf6 39. Bc5 Kf5 40. Kd1 d2 41. Kc2 Kg4 42. Bd6 Kf3 43. Kd1 b5 44. Be5 Ke3 45. Bd6 Kd3 46. g4 hxg4 47. f5 gxf5 48. h5 Bb2 49. h6 Bh8 50. h7 Bg7 51. Be5 g3 52. Bxg7 g2 53. Bd4 Kxd4 54. h8=Q+ Ke3 55. Qe5+ Kf2 56. Qf4+ Kg1 57. Kxd2 b4 58. Qxb4 1-0

[Event "AUT-ch U16-Open 2025"]
[Site "Fuerstenfeld"]
[Date "2025.04.15"]
[Round "5.4"]
[White "Martinovic, David"]
[Black "Ortner, Sebastian"]
[Result "0-1"]
[Annotator "NA RC"]
[ECO "C55"]
[WhiteElo "1968"]
[BlackElo "1925"]
[PlyCount "92"]
[EventDate "2025.04.12"]
[EventType "swiss"]
[EventCountry "AUT"]
[SourceTitle "playchess.com"]
[Source "ChessBase"]
[SourceQuality "1"]
[TimeControl "5400+30"]

1. e4 e5 2. Nf3 Nc6 3. Bc4 Nf6 4. d3 h6 5. Nc3 d6 6. h3 Na5 7. Qe2 Nxc4 8. dxc4 c6 9. Be3 Qc7 10. Rd1 Be7 11. a3 Be6 12. b4 Rd8 13. O-O O-O 14. Nd2 b5 15. f4 a6 16. Qf2 Rb8 17. fxe5 dxe5 18. c5 a5 19. Nf3 Nh5 20. Nh4 Nf4 21. Nf5 Ng6 22. Nxe7+ Nxe7 23. Rd6 axb4 24. axb4 Ra8 25. Qg3 Ng6 26. Bxh6 gxh6 27. Rf6 Kh8 28. Rfxe6 fxe6 29. Rxe6 Rg8 30. Rxg6 Kh7 31. Rg4 Rxg4 32. Qxg4 Qf7 33. Qf3 Qxf3 34. gxf3 Ra3 35. Nd5 cxd5 36. exd5 Kg7 37. c6 Kf7 38. c4 bxc4 39. Kf2 Ke7 40. b5 Kd6 41. b6 Rb3 42. b7 Kc7 43. Ke2 Rd3 44. h4 Rxd5 45. Ke3 Rd4 46. f4 Rxf4 0-1

[Event "AUT-ch U16-Open 2025"]
[Site "Fuerstenfeld"]
[Date "2025.04.15"]
[Round "5.5"]
[White "Guba, Viktor"]
[Black "Chen, Chicheng Leon"]
[Result "0-1"]
[Annotator "NA RC"]
[ECO "B22"]
[WhiteElo "1931"]
[BlackElo "2021"]
[PlyCount "96"]
[EventDate "2025.04.12"]
[EventType "swiss"]
[EventCountry "AUT"]
[SourceTitle "playchess.com"]
[Source "ChessBase"]
[SourceQuality "1"]
[TimeControl "5400+30"]

1. e4 c5 2. c3 Nf6 3. e5 Nd5 4. d4 cxd4 5. Nf3 Nc6 6. cxd4 d6 7. Bc4 dxe5 8. Nxe5 e6 9. O-O Be7 10. Nxc6 bxc6 11. Nc3 O-O 12. a3 Qb6 13. Ne4 Nf6 14. Bg5 Nxe4 15. Bxe7 Re8 16. Bb4 a5 17. Bc3 Ba6 18. Bxa6 Qxa6 19. Qf3 Nf6 20. Rfe1 Rad8 21. Re5 Rd5 22. Rae1 Red8 23. h3 h6 24. Qe2 Qxe2 25. R1xe2 a4 26. Re1 Rb8 27. Kh2 Rdb5 28. Rxb5 cxb5 29. Bb4 Rc8 30. Bc5 Nd7 31. Rc1 Nb6 32. Rc3 Nd5 33. Rg3 f6 34. b4 Kf7 35. Kg1 g5 36. Kf1 h5 37. Rd3 Kg6 38. Kg1 Kf5 39. f3 Nf4 40. Re3 h4 41. Kf2 Rd8 42. Rc3 e5 43. Bb6 Rd6 44. Bc5 exd4 45. Rc2 Rd5 46. Rd2 d3 47. Ke3 Re5+ 48. Kf2 Re2+ 0-1

[Event "AUT-ch U16-Open 2025"]
[Site "Fuerstenfeld"]
[Date "2025.04.15"]
[Round "5.6"]
[White "Wu, Chenshan"]
[Black "Nicolussi, Hieronymus"]
[Result "0-1"]
[Annotator "NA RC"]
[ECO "E92"]
[WhiteElo "2011"]
[BlackElo "1999"]
[PlyCount "82"]
[EventDate "2025.04.12"]
[EventType "swiss"]
[EventCountry "AUT"]
[SourceTitle "playchess.com"]
[Source "ChessBase"]
[SourceQuality "1"]
[TimeControl "5400+30"]

1. d4 Nf6 2. c4 g6 3. Nc3 Bg7 4. e4 d6 5. Nf3 O-O 6. Be2 e5 7. O-O h6 8. d5 a5 9. Ne1 Na6 10. Nd3 b6 11. Be3 Nc5 12. f3 Bd7 13. b3 Nh5 14. a3 Nf4 15. Kh1 f5 16. Rb1 Nfxd3 17. Bxd3 f4 18. Bf2 g5 19. Be2 h5 20. b4 axb4 21. axb4 Na6 22. h3 Rf6 23. Na2 Qc8 24. Kh2 Rh6 25. h4 Qd8 26. Qe1 Bf6 27. Rh1 g4 28. g3 Rg6 29. Rg1 Bxh4 30. gxf4 Bxf2 31. Qxf2 g3+ 32. Qxg3 Rxg3 33. Rxg3+ Kh7 34. fxe5 dxe5 35. Rbg1 Qh4+ 36. Kg2 Rg8 37. Kf2 Rxg3 38. Rxg3 Qe7 39. c5 Nxc5 40. bxc5 Qxc5+ 41. Kf1 Qc2 0-1

[Event "AUT-ch U16-Open 2025"]
[Site "Fuerstenfeld"]
[Date "2025.04.15"]
[Round "5.7"]
[White "Haselsberger, Armin"]
[Black "Roessler, Felix"]
[Result "1/2-1/2"]
[Annotator "NA RC"]
[ECO "E01"]
[WhiteElo "2004"]
[BlackElo "1840"]
[PlyCount "129"]
[EventDate "2025.04.12"]
[EventType "swiss"]
[EventCountry "AUT"]
[SourceTitle "playchess.com"]
[Source "ChessBase"]
[SourceQuality "1"]
[TimeControl "5400+30"]

1. d4 d5 2. c4 e6 3. Nf3 Nf6 4. g3 Ne4 5. Bg2 Be7 6. O-O f5 7. Qc2 c6 8. Rd1 Nd7 9. Nbd2 h5 10. Ne5 Nxe5 11. dxe5 h4 12. Nxe4 fxe4 13. Bxe4 O-O 14. Bh7+ Kh8 15. Qg6 Qe8 16. Qxe8 Rxe8 17. Bg6 Rf8 18. Rd4 Bd7 19. gxh4 Be8 20. Bc2 Bh5 21. Bd3 c5 22. Rf4 Rxf4 23. Bxf4 Bxh4 24. Rc1 b6 25. Rc3 Rf8 26. Bg3 Bg5 27. Ra3 Rf7 28. e3 Bf3 29. cxd5 exd5 30. e6 Re7 31. Bf5 Bf6 32. Bb8 g6 33. Bh3 a5 34. Rb3 Rb7 35. Bd6 a4 36. Rd3 Kg7 37. Ra3 Bxb2 38. Rxa4 Bf6 39. Ra8 Be4 40. Rc8 Bf5 41. Bxf5 gxf5 42. Kf1 c4 43. Ke1 b5 44. a3 Be7 45. Bxe7 Rxe7 46. Rc5 Ra7 47. Rxd5 Kf6 48. Rxb5 Rxa3 49. Rb6 Ra1+ 50. Ke2 Rh1 51. Rc6 Rxh2 52. Rxc4 Kxe6 53. Rc5 Rh4 54. Kf3 Rg4 55. Ra5 Rb4 56. Kg3 Rg4+ 57. Kf3 Rb4 58. Ra2 Rg4 59. Rd2 Ke5 60. Ke2 Ra4 61. f4+ Ke4 62. Kf2 Rb4 63. Ke2 Ra4 64. Rd8 Ra2+ 65. Rd2 1/2-1/2

[Event "AUT-ch U16-Open 2025"]
[Site "Fuerstenfeld"]
[Date "2025.04.15"]
[Round "5.8"]
[White "Onipko, Mark"]
[Black "Maymo, Gazwan"]
[Result "1-0"]
[Annotator "NA RC"]
[ECO "C54"]
[WhiteElo "1979"]
[BlackElo "1789"]
[PlyCount "77"]
[EventDate "2025.04.12"]
[EventType "swiss"]
[EventCountry "AUT"]
[SourceTitle "playchess.com"]
[Source "ChessBase"]
[SourceQuality "1"]
[TimeControl "5400+30"]

1. e4 e5 2. Nf3 Nc6 3. Bc4 Bc5 4. O-O Nf6 5. d3 d6 6. c3 a6 7. b4 Ba7 8. Bg5 h6 9. Bh4 Bg4 10. h3 Be6 11. Nbd2 g5 12. Bxe6 fxe6 13. Bg3 Nh5 14. Kh1 Qf6 15. Nc4 Rf8 16. Nh2 Qg6 17. Na5 Nxa5 18. bxa5 Nf4 19. Rb1 b6 20. axb6 Bxb6 21. Qa4+ Ke7 22. Qc6 Nxd3 23. Rxb6 cxb6 24. Qb7+ Ke8 25. Qxa8+ Kf7 26. Qb7+ Kg8 27. f3 h5 28. Qxa6 Nc5 29. Qxb6 g4 30. Qxd6 gxh3 31. Qxc5 h4 32. gxh3 hxg3 33. Ng4 Qg5 34. Qxe5 Qh4 35. Kg2 Rd8 36. Qxg3 Qe7 37. Kh2 Qa3 38. Ne5+ Kf8 39. Qf4+ 1-0